 Seeded DCSS version 0.32-a0-900-g30fb1b0edc (webtiles) character file.

Game seed: 17073724502869601980 (custom seed)

1396 timneilson the Cutter (level 9, -1/52 HPs)
             Began as a Kobold Enchanter on Apr 5, 2024.
             Was an Initiate of Ashenzari.
             Shot with a bolt by an orc warrior (11 damage)
             ... on level 7 of the Dungeon.
             The game lasted 00:17:16 (7351 turns).

timneilson the Cutter (Kobold Enchanter)            Turns: 7351, Time: 00:17:17

Health: -1/52      AC:  4    Str:  5    XL:     9   Next: 0%
Magic:  15/15      EV: 17    Int: 16    God:    Ashenzari [......]
Gold:   1386       SH:  0    Dex: 20    Spells: 14/16 levels left

rFire   . . .        a - +1 dagger (heavy)
rCold   . . .        (no shield)
rNeg    + . .        b - +1 robe
rPois   +            e - +0 helmet of Love and Death {rPois rN+}
rElec   .            A - scarf {+Inv}
rCorr   +            (no gloves)
SInv    +            (no boots)
Will    .....        (no amulet)
Stlth   +++          k - ring of see invisible
HPRegen 0.28/turn    o - ring of resist corrosion
MPRegen 0.14/turn

%: no passive effects
@: confused
A: small, no large weapons, nightstalker 3
a: Renounce Religion, Evoke Invisibility


You were on level 7 of the Dungeon.
You worshipped Ashenzari.
Ashenzari was noncommittal.
You visited 2 branches of the dungeon, and saw 8 of its levels.

You collected 1386 gold pieces.

Inventory:

Hand Weapons
 a - a +1 heavy dagger (weapon)
Missiles
 p - 4 poisoned darts (quivered)
Armour
 b - a +1 robe (worn)
 e - the +0 helmet of Love and Death (worn) {rPois rN+}
   (You acquired it on level 1 of the Dungeon)

   rPois:     It protects you from poison.
   rN+:       It protects you from negative energy.
 A - a scarf of invisibility (worn)
Jewellery
 k - a ring of see invisible (left hand)
 n - a ring of magical power
 o - a ring of resist corrosion (right hand)
Wands
 j - a wand of roots (21)
 v - a wand of flame (17)
Scrolls
 m - 2 scrolls of amnesia
 q - a scroll of fear
 z - a scroll of teleportation
Potions
 c - 2 potions of invisibility
 d - 2 potions of lignification
 f - a potion of mutation
 g - a potion of haste {unknown}
 h - a potion of might
 i - a potion of degeneration {unknown}
 l - a potion of magic {unknown}
 r - a potion of heal wounds {unknown}
 t - 2 potions of attraction {unknown}
 u - a potion of enlightenment {unknown}


   Skills:
 + Level 3.7 Fighting
 * Level 6.4 Short Blades
 + Level 2.4 Armour
 * Level 6.2 Dodging
 + Level 6.2 Stealth
 + Level 4.1 Spellcasting
 + Level 3.0 Hexes
 + Level 2.9 Ice Magic
 + Level 0.5 Evocations


You had 14 spell levels left.
You knew the following spells:

 Your Spells              Type           Power      Damage    Failure   Level
a - Ensorcelled Hibernat  Hex/Ice        24%        N/A       8%          2

Your spell library contained the following spells:

 Spells                   Type           Power      Damage    Failure   Level
 Confusing Touch          Hex            13%        N/A       14%         3
 Tukima's Dance           Hex            13%        N/A       14%         3
 Dazzling Flash           Conj/Hex       16%        N/A       26%         3
 Summon Ice Beast         Ice/Summ       7%         N/A       28%         3
 Summon Mana Viper        Hex/Summ       8%         N/A       94%         5
 Monstrous Menagerie      Summ           1%         N/A       100%        7


Dungeon Overview and Level Annotations

Branches:
Dungeon (7/15)             Temple (1/1) D:5

Altars:
Ashenzari
Cheibriados
Dithmenos
Elyvilon
Fedhas
Gozag
Hepliaklqana
Kikubaaqudgha
Makhleb
Nemelex Xobeh
Okawaru
Ru
Sif Muna
Uskayaw
Vehumet
Xom
Yredelemnul
Zin
The Shining One


Innate Abilities, Weirdness & Mutations

You are small and have problems with some larger weapons.
You are completely attuned to the shadows.


Message History

You hit the orc wizard.
The orc wizard is moderately wounded.
The orc warrior hits you with a +2 heavy dire flail!
* * * LOW HITPOINT WARNING * * *
The orc wizard barely misses you.
Unknown command.
You hit the orc wizard but do no damage.
The orc wizard is moderately wounded.
The orc warrior barely misses you.
The orc wizard points at you and mumbles some strange words.
The puff of flame hits you!
* * * LOW HITPOINT WARNING * * *
Unknown command.
The orc wizard attacks as it pursues you!
The orc wizard hits you with a +0 dagger.
* * * LOW HITPOINT WARNING * * *
Your magical contamination has completely faded away.
You feel better. The orc wizard closely misses you.
You are confused.
You feel invigorated.
The orc wizard points at you and mumbles some strange words.
You are more confused.
The orc wizard attacks as it pursues you!
The orc wizard hits you with a +0 dagger.
* * * LOW HITPOINT WARNING * * *
You're too confused to move!
The orc wizard misses you.
The orc warrior hits you with a +2 heavy dire flail!
* * * LOW HITPOINT WARNING * * *
The orc wizard attacks as it pursues you!
The orc wizard closely misses you.
You bump into the rock wall.
You feel less invigorated. The orc warrior barely misses you.
The orc wizard closely misses you. The orc wizard completely misses you.
The orc wizard casts a spell at you.
You are more confused.
The orc warrior barely misses you. The orc wizard closely misses you.
The orc warrior unwields a +2 heavy dire flail.
The orc warrior wields a +0 arbalest.
The orc warrior shoots a bolt.
The bolt hits you!
You die...

#[####'####
#.+.......+
#.≈...≈.# ...
#.≈._.≈.# ...
#.≈...≈.###.#
'...†...'...###
####'####......
#####.##....#.##
....@.o.......#
####o#.#.)....#
###.#.#...#..#
#.........#..##.
#.##.#.#.#.........
#......#.###.....##
#......#.....†...#
##.....#####.....#
#.....# #.....#


You could see an orc warrior and an orc wizard.

Vanquished Creatures
  A water moccasin (D:5)
  A black bear (D:6)
  An ogre (D:6)
  2 centaurs
  2 phantoms (D:5)
  A bullfrog (D:7)
  2 scorpions (D:5)
  4 hounds
  4 orc priests
  2 sleepcaps
  2 iguanas
  4 gnolls (D:4)
  11 adders
  2 ufetubi (D:6)
  3 dart slugs
  17 orcs
  8 endoplasms
  5 giant cockroaches
  8 hobgoblins
  11 jackals
  4 quokkas
  3 ball pythons
  11 bats
  7 frilled lizards
  6 goblins
  9 kobolds
  5 rats
136 creatures vanquished.

Notes
Turn   | Place    | Note
-------+----------+-------------------------------------------
     0 | D:1      | timneilson the Kobold Enchanter began the quest for the
                  | Orb.
     0 | D:1      | Reached XP level 1. HP: 10/10 MP: 3/3
   212 | D:1      | Identified a scroll of acquirement
   212 | D:1      | Acquired the +0 helmet of Love and Death {rPois rN+}
   246 | D:1      | Reached XP level 2. HP: 15/15 MP: 5/5
   249 | D:1      | Learned a level 2 spell: Ensorcelled Hibernation
  1010 | D:2      | Reached XP level 3. HP: 20/20 MP: 6/6
  1232 | D:2      | Reached skill level 1 in Fighting
  1504 | D:2      | Reached XP level 4. HP: 25/25 MP: 7/7
  2095 | D:3      | Found a faded altar of an unknown god.
  2289 | D:3      | Reached XP level 5. HP: 29/29 MP: 9/9
  2457 | D:3      | Found a radiant altar of Vehumet.
  2549 | D:3      | You fall into a shaft and drop 1 floor!
  2700 | D:3      | Reached skill level 1 in Armour
  3228 | D:4      | Acquired 1109 gold pieces
  3426 | D:4      | Reached skill level 1 in Ice Magic
  4078 | D:4      | Reached XP level 6. HP: 35/35 MP: 3/10
  4567 | D:5      | Entered Level 5 of the Dungeon
  4633 | D:5      | Reached skill level 5 in Stealth
  4691 | D:5      | HP: 1/35 [centaur (1)]
  4705 | D:5      | HP: 1/35 [centaur (4)]
  4717 | D:5      | Reached XP level 7. HP: 21/40 MP: 8/11
  4874 | D:5      | Noticed a water moccasin
  4878 | D:5      | Killed a water moccasin
  5077 | D:5      | Reached skill level 5 in Dodging
  5079 | D:5      | Found a staircase to the Ecumenical Temple.
  5114 | D:5      | Reached skill level 5 in Short Blades
  5120 | Temple   | Entered the Ecumenical Temple
  5247 | D:5      | Reached XP level 8. HP: 45/45 MP: 13/13
  7124 | D:7      | Found a shimmering blue altar of Sif Muna.
  7141 | D:7      | Found an iron altar of Okawaru.
  7249 | D:7      | Found a broken altar of Ashenzari.
  7265 | D:7      | Became a worshipper of Ashenzari the Shackled
  7311 | D:7      | Reached XP level 9. HP: 49/52 MP: 15/15
  7340 | D:7      | HP: 1/52 [orc wizard/+0 dagger (3)]
  7351 | D:7      | Shot with a bolt by an orc warrior

Illustrated notes

Levels and vault maps discovered:
D:1:      lightli_arrival_windingriver, layout_loops_ring
D:2:      layout_basic, dk_noncrumbling_3
D:3:      layout_loops_corners, mainiacjoe_overflow_boulevard,
          shapermc_ecumenical_altar_gd, minmay_misc_feat_alley, st_stairs_8
D:4:      layout_gridville, lemuel_flame_loot_1
D:5:      layout_basic, minmay_temple_entry_stoned_glass
D:6:      layout_basic, grunt_decor_mini_mirrors
D:7:      layout_loops_cross, mainiacjoe_overflow_six_doors_small,
          lemuel_round_altar, lemuel_blue_sif_altar
Temple:   nicolae_temple_superstar

Skill      XL: |  1  2  3  4  5  6  7  8 |
---------------+-------------------------+-----
Short Blades   | 2 3 4 5 6 |  6.4
Dodging        | 3 4 5 6 |  6.2
Fighting       | 1 2 3 |  3.7
Armour         | 1 2 |  2.4
Ice Magic      | 1 2 |  2.9
Spellcasting   | 3 4 |  4.1
Stealth        | 5 6 |  6.2
Hexes          | |  3.0
Evocations     | |  0.5

Action                     |  1- 3 |  4- 6 |  7- 9 || total
---------------------------+-------+-------+-------++-------
  Melee: Dagger            |    77 |   265 |   246 ||   588
   Cast: Ensorcelled Hiber |       |    21 |    12 ||    33
    Use: Scroll            |     3 |     6 |     6 ||    15
         Potion            |       |     4 |     4 ||     8
   Stab: Sleeping          |    21 |    29 |    20 ||    70
         Distracted        |     1 |     2 |     2 ||     5
 Armour: Robe              |    26 |   124 |    95 ||   245
  Dodge: Dodged            |    58 |   240 |   152 ||   450

Table legend: (Time is in decaauts)
 A = Elapsed time spent in this place.
 B = Non-inter-level travel time spent in this place.
 C = Inter-level travel time spent in this place.
 D = Time resting spent in this place.
 E = Time spent auto-exploring this place.
 F = Levels seen in this place.
 G = Mean time per level.
                   A        B        C        D        E       F      G
               +--------+--------+--------+--------+--------+-----+--------+
         Total |   7258 |   7014 |    244 |    802 |   4431 |   8 |  907.2 |
       Dungeon |   7256 |   7012 |    244 |    802 |   4431 |   7 | 1036.6 |
        Temple |      1 |      1 |      0 |      0 |      0 |   1 |    1.0 |
               +--------+--------+--------+--------+--------+-----+--------+

Top non-repeatable levels by time:
     D:4: 1479 daAuts
     D:6: 1347 daAuts
     D:3: 1080 daAuts
     D:5: 1051 daAuts
     D:2: 1045 daAuts
     D:1: 970 daAuts
     D:7: 282 daAuts
  Temple: 1 daAuts
